 Dungeon Crawl Stone Soup version 0.23.0 (webtiles) character file.

Game seed: 17447584676019315801

2417 Kairos the Chopper (level 9, -24/46 HPs)
             Began as a Vine Stalker Fighter on Feb 16, 2019.
             Was a Priest of Okawaru.
             Annihilated by Gastronok (31 damage)
             ... on level 8 of the Dungeon.
             The game lasted 00:12:43 (5587 turns).

Kairos the Chopper (Vine Stalker Fighter)           Turns: 5587, Time: 00:12:43

Health: -24/46     AC: 11    Str: 22    XL:     9   Next: 47%
Magic:  0/10       EV: 14    Int:  8    God:    Okawaru [***...]
Gold:   42         SH: 15    Dex: 17    Spells: 8/8 levels left

rFire    . . .     SeeInvis .   a - +0 war axe
rCold    . . .     Gourm    .   c - +2 shield
rNeg     . . .     Faith    .   b - +0 scale mail
rPois    +         Spirit   +   t - +0 helmet
rElec    .         Reflect  .   o - +0 cloak
rCorr    .         Harm     .   (no gloves)
MR       +....                  (no boots)
Stlth    ++........             F - amulet of rage
HPRegen  0.55/turn              E - ring of poison resistance
MPRegen  0.12/turn              q - +3 ring of dexterity

@: heroism
A: fangs 3, regeneration 1, magic shield, antimagic bite, no potion heal 3, rot
immunity
a: Heroism, Renounce Religion, Evoke Berserk Rage


You were on level 8 of the Dungeon.
You worshipped Okawaru.
Okawaru was most pleased with you.
You were near starving.

You visited 1 branch of the dungeon, and saw 8 of its levels.

You collected 282 gold pieces.
You spent 240 gold pieces at shops.

Inventory:

Hand Weapons
 a - a +0 war axe (weapon)
 C - a +2 flail of protection
Armour
 b - a +0 scale mail (worn)
 c - a +2 shield (worn)
 o - a +0 cloak (worn)
 t - a +0 helmet (worn)
Jewellery
 k - an uncursed ring of resist corrosion
 l - a +5 amulet of reflection
 q - a +3 ring of dexterity (right hand)
 E - a ring of poison resistance (left hand)
 F - an amulet of rage (around neck)
Wands
 s - a wand of flame (17)
 y - a wand of paralysis (20)
 H - a wand of random effects (29)
 I - a wand of enslavement (6)
Scrolls
 e - 3 scrolls of remove curse
 h - 5 scrolls of teleportation
 m - 2 scrolls of amnesia
 n - 2 scrolls of fear
 w - a scroll of immolation {unknown}
 x - a scroll of enchant weapon {unknown}
 z - a scroll of fog {unknown}
 A - a scroll of identify
 D - a scroll of blinking {unknown}
 G - a scroll of brand weapon {unknown}
Potions
 d - 2 potions of might
 g - a potion of berserk rage
 i - 2 potions of resistance
 j - 2 potions of degeneration {unknown}
 p - a potion of mutation {unknown}
 r - a potion of haste {unknown}
 u - a potion of invisibility {unknown}
 v - 2 potions of heal wounds {unknown}
 B - a potion of agility {unknown}
Comestibles
 f - 21 rations


   Skills:
 + Level 4.7(9.7) Fighting
 + Level 7.1(12.1) Axes
 + Level 4.9(9.9) Armour
 + Level 3.0(8.0) Dodging
 + Level 1.2(6.2) Stealth
 + Level 6.1(11.1) Shields
 + Level 0.3 Invocations


You had 8 spell levels left.
You didn't know any spells.
Your spell library contained the following spells:

 Spells                   Type           Power        Failure   Level  Hunger
 Magic Dart               Conj           #...         85%         1    ##.....
 Searing Ray              Conj           #.....       94%         2    ###....
 Dazzling Spray           Conj/Hex       #.....       99%         3    ####...
 Force Lance              Conj/Tloc      #.......     100%        4    #####..
 Fulminant Prism          Conj/Hex       #.........   100%        4    #####..
 Iskenderun's Mystic Bla  Conj           #.......     100%        4    #####..


Dungeon Overview and Level Annotations

Branches:
Dungeon (8/15)             Temple (0/1) D:7            Lair (0/6) D:8

Altars:
Cheibriados
Dithmenos
Elyvilon
Gozag
Hepliaklqana
Kikubaaqudgha
Nemelex Xobeh
Okawaru
Vehumet
Wu Jian
Xom
Yredelemnul
Zin
The Shining One

Shops:
D:5 [   D:6 =**

Annotations:
D:8 3 runed translucent doors, Gastronok; Nr616's ghost, novice GnSk


Innate Abilities, Weirdness & Mutations

You have razor-sharp teeth.
Your natural rate of healing is unusually fast.
When hurt, damage is shared between your health and your magic reserves.
Your bite disrupts and absorbs the magic of your enemies.
Potions cannot restore your health.
You are immune to rotting.


Message History

You kill the rat!
The rat's corpse disappears in a puff of smoke!
You slash Gastronok!
Gastronok is lightly wounded.
Gastronok waves his eye-stalks in wide circles.
The air twists around and strikes you!
You completely miss Gastronok. You bite Gastronok.
Gastronok's magic leaks into the air.
You drain his magic.
You feel invigorated.
Gastronok is lightly wounded.
Gastronok waves his eye-stalks in wide circles.
The air twists around and strikes you!
* * * LOW HITPOINT WARNING * * *
You gain the combat prowess of a mighty hero.
Okay, then.
You remove your +5 amulet of reflection.
F - an amulet of rage (around neck) Gastronok bites you!!
Ouch! That really hurt!
You die...

#.# #.# ## #.# #
... #.######### #
##.. #.#.....^.# #
#.... #.#.......#
#
#....###.#.......#
#
#...w@..........#
#.#######.......#
#.......#
#.......#
####.#### ##.#
##..#
####...#########
+...............


You could see Gastronok.

Vanquished Creatures
  A wyvern (D:6)
  2 hungry ghosts (D:8)
  Edmund (D:5)
  3 ice beasts
  2 sky beasts
  3 ogres
  2 phantoms (D:4)
  2 centaurs
  A scorpion (D:7)
  A crimson imp (D:7)
  A centaur zombie (D:6)
  A jelly (D:5)
  2 orc priests (D:7)
  A hound (D:6)
  3 orc wizards
  Crazy Yiuf (D:2)
  A bullfrog skeleton (D:5)
  Natasha (thrice) (D:2)
  2 iguanas (D:4)
  3 worker ants
  A hound skeleton (D:5)
  A howler monkey zombie (D:6)
  A worker ant zombie (D:6)
  Robin (D:4)
  4 gnolls (D:2)
  10 adders
  An adder skeleton (D:5)
  2 adder zombies
  A worm (D:3)
  A dart slug (D:4)
  4 leopard geckos
  17 orcs
  4 ball pythons
  8 bats
  6 giant cockroaches
  9 hobgoblins
  13 jackals
  3 kobolds (D:3)
  6 quokkas
  A frilled lizard (D:3)
  12 goblins
  A jackal skeleton (D:4)
  A leopard gecko zombie (D:6)
  2 rats
146 creatures vanquished.

Vanquished Creatures (others)
  An orc wizard (D:6)
  7 plants (D:8)
8 creatures vanquished.

Grand Total: 154 creatures vanquished

Notes
Turn   | Place    | Note
-------+----------+-------------------------------------------
     0 | D:1      | Kairos the Vine Stalker Fighter began the quest for the
                  | Orb.
     0 | D:1      | Reached XP level 1. HP: 11/11 MP: 2/2
   294 | D:1      | Reached XP level 2. HP: 9/16 MP: 3/3
   317 | D:1      | Reached skill level 2 in Axes
   774 | D:2      | Noticed a sky beast
   916 | D:2      | Reached XP level 3. HP: 20/20 MP: 4/4
   928 | D:2      | Noticed Natasha
   943 | D:2      | Killed Natasha
   943 | D:2      | Gained mutation: Your natural rate of healing is unusually
                  | fast. [Vine Stalker growth]
   943 | D:2      | Reached XP level 4. HP: 19/24 MP: 5/5
  1001 | D:2      | Found an iron altar of Okawaru.
  1012 | D:2      | Became a worshipper of Warmaster Okawaru
  1020 | D:2      | Noticed Natasha
  1053 | D:2      | Killed Natasha
  1053 | D:2      | Reached XP level 5. HP: 7/28 MP: 2/6
  1091 | D:2      | Noticed Natasha
  1096 | D:2      | Killed Natasha
  1208 | D:2      | Killed a sky beast
  1208 | D:2      | Reached * piety under Okawaru
  1208 | D:2      | Reached skill level 3 in Axes
  1208 | D:2      | Reached skill level 1 in Dodging
  1208 | D:2      | Reached XP level 6. HP: 26/32 MP: 3/7
  1336 | D:2      | Found a runed translucent door.
  1343 | D:2      | Noticed Crazy Yiuf
  1350 | D:2      | Killed Crazy Yiuf
  1772 | D:3      | Found a faded altar of an unknown god.
  2185 | D:4      | Reached XP level 7. HP: 4/36 MP: 1/8
  2426 | D:4      | Reached skill level 4 in Axes
  2480 | D:4      | Found a white marble altar of Elyvilon.
  2581 | D:4      | Found a basalt altar of Yredelemnul.
  2672 | D:4      | Noticed Robin
  2694 | D:4      | Killed Robin
  2794 | D:4      | Found a snail-covered altar of Cheibriados.
  2806 | D:4      | Found a shadowy altar of Dithmenos.
  2900 | D:5      | Entered Level 5 of the Dungeon
  2900 | D:5      | Found Imiuvofecs's Armour Boutique.
  2980 | D:5      | Reached ** piety under Okawaru
  2980 | D:5      | Gained mutation: You have razor-sharp teeth. [Vine Stalker
                  | growth]
  2980 | D:5      | Reached XP level 8. HP: 42/42 MP: 9/9
  3048 | D:5      | Found a radiant altar of Vehumet.
  3070 | D:5      | Reached skill level 5 in Axes
  3192 | D:5      | Noticed Edmund
  3204 | D:5      | Killed Edmund
  3408 | D:5      | Found a glowing golden altar of the Shining One.
  3605 | D:5      | Found a hazy altar of Hepliaklqana.
  3606 | D:5      | Found a shimmering altar of Xom.
  3606 | D:5      | Noticed a thorn hunter
  3607 | D:5      | Noticed a thorn hunter
  3607 | D:5      | Noticed a spectral ugly thing
  3798 | D:6      | Reached skill level 5 in Shields
  3811 | D:6      | Found an ornate altar of the Wu Jian Council.
  4055 | D:6      | Found Oxisebog's Jewellery Boutique.
  4056 | D:6      | Found Lyelel's General Store.
  4076 | D:6      | Found a sparkling altar of Nemelex Xobeh.
  4107 | D:6      | Reached *** piety under Okawaru
  4107 | D:6      | Reached skill level 6 in Axes
  4234 | D:6      | Found Lusegoc's Assorted Antiques.
  4279 | D:6      | Found a glowing silver altar of Zin.
  4280 | D:6      | Found an opulent altar of Gozag.
  4764 | D:6      | Bought an uncursed ring of poison resistance for 240 gold
                  | pieces
  4784 | D:7      | Reached skill level 1 in Stealth
  4784 | D:7      | Reached XP level 9. HP: 46/46 MP: 10/10
  4957 | D:6      | Found an ancient bone altar of Kikubaaqudgha.
  4986 | D:7      | Found a staircase to the Ecumenical Temple.
  5369 | D:8      | Found a runed translucent gate.
  5370 | D:8      | Found a runed translucent gate.
  5373 | D:8      | Found a runed translucent gate.
  5375 | D:8      | Noticed Nr616's ghost (novice GnSk)
  5375 | D:8      | Noticed a nine-headed hydra
  5436 | D:8      | Found a snail-covered altar of Cheibriados.
  5458 | D:8      | Reached skill level 7 in Axes
  5547 | D:8      | Found a staircase to the Lair.
  5549 | D:8      | Noticed a komodo dragon
  5574 | D:8      | Noticed Gastronok
  5587 | D:8      | Annihilated by Gastronok

Skill      XL: |  1  2  3  4  5  6  7  8  9 |
---------------+----------------------------+-----
Axes           | 2 3 4 6 7 |  7.1
Fighting       | 3 4 |  4.7
Shields        | 3 4 5 6 |  6.1
Armour         | 3 4 |  4.9
Dodging        | 1 2 3 |  3.0
Stealth        | 1 |  1.2
Invocations    | |  0.3

Action                   |  1- 3 |  4- 6 |  7- 9 || total
-------------------------+-------+-------+-------++-------
Melee: War axe           |    55 |   144 |   269 ||   468
       Bite              |    14 |    39 |   113 ||   166
Throw: Throwing net      |       |     1 |       ||     1
Invok: Heroism           |       |     1 |     3 ||     4
  Use: Potion            |       |     1 |       ||     1
       Scroll            |       |    10 |     2 ||    12
  Eat: Chunk             |       |     4 |    11 ||    15
Armor: Scale mail        |    23 |    46 |    51 ||   120
Dodge: Dodged            |    25 |    24 |    40 ||    89
Block: Shield            |    53 |   144 |   208 ||   405
       Reflection        |       |     5 |     2 ||     7
